Cogmind - Beta 12 *** ADVENTURER MODE // 2023.10.18 @ 20:50:41 Player: Occam Result: Self-destructed Performance ------------- Evolutions (2) 1000 Regions Visited (7) 1400 Robots Destroyed (94) 470 Value Destroyed (2546) 2546 Prototype IDs (29) 580 Alien Tech Used (0) 0 Bonus (241) 241 TOTAL SCORE: 6237 Bonus ------- Follower Combat Kills 81 Aligned with FarCom 300 Friendly Fire -140 Cogmind --------- Core Integrity 512/550 Matter 300/300 Energy 280/280 System Corruption 1% Temperature Cool (0) Movement Rolling (225) Ox9 Location -8/Materials Parts ------- > --- POWER (1) -------- Heavy Ion Engine > --- PROPULSION (2) --- Improved Treads Armored Wheel > --- UTILITY (4) ------ Huge Storage Unit Advanced Targeting Computer Improved Light Armor Plating Hardlight Generator > --- WEAPON (4) ------- XL Autogun Array > --- INVENTORY (25) --- Heavy Ion Engine Light Nuclear Core Improved Treads Improved Treads Improved Treads Wheel Advanced Heat Sink Large Storage Unit High-capacity Storage Unit High-capacity Battery (250) High-capacity Matter Pod (200) High-capacity Matter Pod (200) Improved Signal Interpreter Improved Targeting Computer Hardened Light Armor Plating Spread Laser Spread Laser Improved Medium Laser Improved Medium Laser Heavy Laser Advanced Beam Cannon Heavy Assault Rifle Heavy Assault Rifle Rocket Launcher Maul Peak State ------------ > --- POWER ------------ Heavy Ion Engine > --- PROPULSION ------- Improved Treads Armored Wheel > --- UTILITY ---------- Advanced Heat Sink Huge Storage Unit Advanced Targeting Computer Improved Light Armor Plating > --- WEAPON ----------- XL Autogun Array > --- INVENTORY -------- Heavy Ion Engine Light Nuclear Core Improved Treads Improved Treads Improved Treads Wheel Heat Sink Large Storage Unit High-capacity Storage Unit High-capacity Battery High-capacity Matter Pod High-capacity Matter Pod Improved Signal Interpreter Improved Targeting Computer Hardened Light Armor Plating Spread Laser Spread Laser Improved Medium Laser Improved Medium Laser Heavy Laser Advanced Beam Cannon Heavy Assault Rifle Heavy Assault Rifle Rocket Launcher Maul [Rating: 60] Favorites ----------- Power Heavy Ion Engine Engine Heavy Ion Engine Power Core Light Nuclear Core Propulsion Light Treads Treads Light Treads Wheel Wheel Utility High-capacity Storage Unit Device Heat Sink Storage High-capacity Storage Unit Processor Improved Targeting Computer Protection Hardened Light Armor Plating Weapon Advanced Beam Cannon Energy Gun Medium Laser Energy Cannon Advanced Beam Cannon Ballistic Gun XL Autogun Array Launcher Rocket Launcher Build | -11 -10 -10 -9 -9 -9 -8 -8 ------- Run | Jun Mat Min Mat Min Exi Min Mat Slots Evolved 4 | . . . 2 . . . 2 Power . | . . . . . . . . Propulsion . | . . . . . . . . Utility 2 | . . . 2 . . . . Weapon 2 | . . . . . . . 2 Parts Attached 51 | 7 4 . 19 12 1 3 5 Power 4 | 1 . . 3 . . . . Engine 3 | 1 . . 2 . . . . Core 1 | . . . 1 . . . . Reactor . | . . . . . . . . Propulsion 9 | 2 . . 2 3 . 1 1 Treads 3 | 1 . . . 1 . . 1 Leg . | . . . . . . . . Wheel 6 | 1 . . 2 2 . 1 . Hover . | . . . . . . . . Flight . | . . . . . . . . Utility 19 | 2 2 . 5 5 1 1 3 Device 9 | 1 1 . 2 3 . 1 1 Storage 3 | 1 1 . . . 1 . . Processor 3 | . . . 1 1 . . 1 Hackware . | . . . . . . . . Protection 4 | . . . 2 1 . . 1 Artifact . | . . . . . . . . Weapon 19 | 2 2 . 9 4 . 1 1 Energy Gun 8 | 2 2 . 4 . . . . Energy Cannon 5 | . . . 3 2 . . . Ballistic Gun 5 | . . . 2 1 . 1 1 Ballistic Cannon . | . . . . . . . . Launcher 1 | . . . . 1 . . . Special Weapon . | . . . . . . . . Impact Weapon . | . . . . . . . . Slashing Weapon . | . . . . . . . . Piercing Weapon . | . . . . . . . . Special Melee Weapon . | . . . . . . . . Unidentified Prototypes 4 | . . . 4 . . . . Parts Lost 5 | . . . 2 2 . 1 . Power 1 | . . . 1 . . . . Propulsion 1 | . . . . . . 1 . Utility 3 | . . . 1 2 . . . Weapon . | . . . . . . . . Highest Loss Streak 2 | . . . 1 2 . 1 . To Critical Strikes . | . . . . . . . . Average Slot Usage (%) 94 | . 99 100 99 96 100 99 72 Engine 10 | . 14 14 5 11 11 11 9 Core 1 | . . . 5 . . . . Treads 11 | . 14 14 11 11 11 11 9 Wheel 11 | . 14 14 11 11 11 10 9 Device 11 | . 14 14 12 11 11 11 9 Storage 11 | . 14 14 11 11 11 11 9 Processor 7 | . . . 9 11 11 11 9 Protection 7 | . . . 11 6 11 11 9 Energy Gun 7 | . 27 28 7 . . . . Energy Cannon 9 | . . . 10 19 22 13 . Ballistic Gun 3 | . . . 4 2 . 8 9 Naked Turns . | . . . . . . . . Heaviest Build 111 | 15 50 50 61 62 102 102 111 Greatest Support 20 | 20 10 10 10 10 10 12 12 Greatest Overweight (x) 10 | 1 4 4 6 6 10 10 9 Average Overweight (x) 5 | . 2 4 5 5 7 8 8 Largest Inventory Capacity 25 | 8 20 20 20 20 25 25 25 Average Capacity 21 | 7 15 20 20 20 22 25 25 Most Carried 25 | 4 17 20 20 20 25 25 25 Average Carried 20 | 2 11 19 19 19 21 24 24 Final Capacity 25 | 8 20 20 20 20 25 25 25 Final Carried 25 | 4 16 20 19 20 25 25 25 Class Distribution -------------------- 79% | Mutant 17% | Skirmisher Dominant Class ---------------- Mutant | -10/Materials Mutant | -10/Mines Mutant | -9/Materials Mutant | -9/Mines Mutant | -9/Exiles Mutant | -8/Mines Skirmisher | -8/Materials Resources | -11 -10 -10 -9 -9 -9 -8 -8 ----------- Run | Jun Mat Min Mat Min Exi Min Mat Matter Collected 1899 | 270 40 151 391 186 10 36 815 Remotely 30 | . . . . 30 . . . Salvage Created 3792 | 111 517 41 1002 285 . 247 1589 Parts 232 | 6 28 3 64 9 . 11 111 Haulers Intercepted 8 | . 1 . 4 . . . 3 Recyclers Shooed 2 | . 1 . 1 . . . . Parts Field Recycled . | . . . . . . . . Retrieved Matter . | . . . . . . . . Parts Self-Destructed . | . . . . . . . . Prevented . | . . . . . . . . Kills | -11 -10 -10 -9 -9 -9 -8 -8 ------- Run | Jun Mat Min Mat Min Exi Min Mat Combat Hostiles Destroyed 74 | . 7 1 14 22 . 4 26 Guns 44 | . 7 1 10 . . . 26 Cannons 16 | . . . 3 10 . 3 . AOE 12 | . . . . 12 . . . Classes Destroyed 14 | 2 3 2 2 4 . . 1 Worker 4 | . . 1 1 . . 2 . Builder 2 | . . . . . . . 2 Tunneler 2 | 1 . . . . . . 1 Hauler 8 | . 1 . 4 . . . 3 Recycler 5 | 1 1 . 1 . . . 2 Operator 1 | . . . 1 . . . . Watcher 10 | . 1 . 5 . . . 4 Swarmer 13 | . . 1 1 4 . . 7 Grunt 27 | . 7 . 6 3 . 3 8 Duelist 2 | . . . . 1 . . 1 Sentry 15 | . . . 7 . . . 8 Demolisher 1 | . . . . 1 . . . Hunter 3 | . . . . . . 1 2 Assembled 13 | . . . . 13 . . . Guerrilla 1 | . . . . 1 . . . Best Kill Streak 17 | 1 2 2 5 17 . 3 9 Combat Bots Only 17 | . 2 1 3 17 . 3 8 Max Kills in Single Turn 7 | 1 1 2 1 7 . 1 3 Gunslinging . | . . . . . . . . Exploded 6 | . . . . 6 . . . Melee . | . . . . . . . . Uniques/NPCs Destroyed . | . . . . . . . . Combat | -11 -10 -10 -9 -9 -9 -8 -8 -------- Run | Jun Mat Min Mat Min Exi Min Mat Damage Taken 2025 | . 180 . 428 699 . 421 297 Core 280 | . 48 . 89 68 . 37 38 Absorbed by Shields 12 | . . . . . . . 12 Regen/Repaired (Parts) 62 | . . . 62 . . . . Core Remaining (%) 77 | 100 . 80 . . . 51 . Volleys Fired 206 | 4 29 4 66 32 . 21 50 Largest 2 | 2 2 2 2 2 . 2 1 Hottest 136 | 80 100 100 136 136 . 136 60 Shots Fired 349 | 8 58 8 128 55 . 41 51 Gun 243 | 8 58 8 116 . . 2 51 Cannon 100 | . . . 12 49 . 39 . Launcher 6 | . . . . 6 . . . Special . | . . . . . . . . Kinetic 102 | . . . 49 . . 2 51 Thermal 197 | . 22 8 79 49 . 39 . Explosive 6 | . . . . 6 . . . Electromagnetic 44 | 8 36 . . . . . . Robot Hit Streak 34 | 4 17 7 26 14 . 27 34 Robot Miss Streak 3 | 1 2 1 1 2 . 2 3 Penetration Max . | . . . . . . . . Secondary Targets 3 | . 1 . 2 . . . . Max Gunslinging Chain 1 | . 1 . 1 . . . . Shots Hit Robots 290 | 5 47 7 106 42 . 32 51 Core Hits 151 | 3 20 3 35 31 . 10 49 Critical Kills 1 | . . . 1 . . . . Critical Parts Destroyed . | . . . . . . . . Critical Strikes 4 | . 2 1 1 . . . . Burn 3 | . 2 1 . . . . . Meltdown 1 | . . . 1 . . . . Melee Attacks . | . . . . . . . . Impact . | . . . . . . . . Slashing . | . . . . . . . . Piercing . | . . . . . . . . Sneak Attacks . | . . . . . . . . Combat Hostiles . | . . . . . . . . Follow-up Attacks . | . . . . . . . . Damage Inflicted 8384 | 73 655 89 1760 1639 . 678 3490 Guns 5878 | 73 655 89 1571 . . . 3490 Cannons 1700 | . . . 167 855 . 678 . Explosions 784 | . . . . 784 . . . Melee . | . . . . . . . . Ramming 22 | . . . 22 . . . . Kinetic 4088 | . . . 598 . . . 3490 Thermal 3005 | . 243 89 1140 855 . 678 . Explosive 784 | . . . . 784 . . . Electromagnetic 485 | 73 412 . . . . . . Impact . | . . . . . . . . Slashing . | . . . . . . . . Piercing . | . . . . . . . . Highest Corruption 1 | . . . . . . . 1 Average Corruption 1 | . . . . . . . 1 Corruption Purged . | . . . . . . . . Corruption Blocked . | . . . . . . . . Effects 2 | . . . . . . . 2 Heat Flow Errors 1 | . . . . . . . 1 Misfires 1 | . . . . . . . 1 Overload Shots . | . . . . . . . . Overflow Damage 48 | . . . . 48 . . . Projectiles 7 | . . . . 7 . . . Explosions 41 | . . . . 41 . . . Melee . | . . . . . . . . Knockbacks . | . . . . . . . . Impact . | . . . . . . . . Kinetic . | . . . . . . . . Secondary . | . . . . . . . . Self-Inflicted Damage 59 | . . . 11 48 . . . Shots 2 | . . . . 2 . . . Rammed 1 | . . . 1 . . . . Targets Rammed 1 | . . . 1 . . . . Kicked . | . . . . . . . . Crushed . | . . . . . . . . Highest Temperature 531 | 54 165 9 273 531 . 522 216 Average Temperature 106 | 25 47 6 71 174 . 211 45 Received Heat Transfer 832 | . 129 . 243 88 . 252 120 Effects 10 | . . . 2 5 . 3 . Shutdowns 3 | . . . . 1 . 2 . Interference 6 | . . . 2 4 . . . Short Circuit 1 | . . . . . . 1 . Siege Activations . | . . . . . . . . Robots Corrupted . | . . . . . . . . Combat Hostiles . | . . . . . . . . Parts Fried 1 | . 1 . . . . . . Impact Corruptions . | . . . . . . . . Robots Melted 2 | . . . 1 . . 1 . Combat Hostiles 2 | . . . 1 . . 1 . Parts Melted 18 | . 2 . 10 5 . 1 . Heat Transferred 6401 | . 814 333 2553 1480 . 1221 . Parts Sabotaged . | . . . . . . . . Parts Stolen . | . . . . . . . . Parts Stripped . | . . . . . . . . Power Chain Reactions . | . . . . . . . . Missiles Intercepted . | . . . . . . . . Alert | -11 -10 -10 -9 -9 -9 -8 -8 ------- Run | Jun Mat Min Mat Min Exi Min Mat Peak Influence 364 | 10 164 42 290 236 . 95 364 Initial 32 | . 5 7 . 32 . . . Average 85 | 4 46 15 125 146 . 25 114 Maximum Alert Level 1 | . . . 1 1 . . 1 Low Security (%) 86 | 100 100 100 71 65 . 100 87 Level 1 13 | . . . 28 34 . . 12 Level 2 . | . . . . . . . . Level 3 . | . . . . . . . . Level 4 . | . . . . . . . . Level 5 . | . . . . . . . . High Security . | . . . . . . . . Max Security . | . . . . . . . . Squads Dispatched 10 | . 2 . 3 1 . . 4 Investigation 6 | . 2 . . 1 . . 3 Extermination . | . . . . . . . . Reinforcement 4 | . . . 3 . . . 1 Assault . | . . . . . . . . Garrison . | . . . . . . . . Intercept . | . . . . . . . . Searches Triggered . | . . . . . . . . Construction Impeded . | . . . . . . . . Haulers Reinforced . | . . . . . . . . Active Scanning Responses . | . . . . . . . . Cargo Convoy Interrupts . | . . . . . . . . Stealth | -11 -10 -10 -9 -9 -9 -8 -8 --------- Run | Jun Mat Min Mat Min Exi Min Mat Distress Signals 6 | . 1 . 4 . . . 1 Communications Jammed . | . . . . . . . . Distress Signals . | . . . . . . . . Times Spotted 99 | . 14 1 26 22 . 4 32 Peak Tracking Total 16 | . 3 1 3 16 . 3 8 Tactical Retreats 2 | . 1 . . . . . 1 Traps | -11 -10 -10 -9 -9 -9 -8 -8 ------- Run | Jun Mat Min Mat Min Exi Min Mat Traps Triggered 2 | . 1 . . . . . 1 Indirectly . | . . . . . . . . Trap Hack Attempts . | . . . . . . . . Triggered . | . . . . . . . . Disarmed . | . . . . . . . . Reprogrammed . | . . . . . . . . Reused . | . . . . . . . . Traps Extracted . | . . . . . . . . Installed . | . . . . . . . . Triggered . | . . . . . . . . Machines | -11 -10 -10 -9 -9 -9 -8 -8 ---------- Run | Jun Mat Min Mat Min Exi Min Mat Machines Disabled 4 | . . . . 2 . . 2 Max in Single Turn 2 | . . . . 2 . . 1 Machines Repaired . | . . . . . . . . Machines Sabotaged . | . . . . . . . . Overloaded Fab Kills . | . . . . . . . . Hacking | -11 -10 -10 -9 -9 -9 -8 -8 --------- Run | Jun Mat Min Mat Min Exi Min Mat Machines Accessed 28 | . 8 . 8 1 2 . 9 Terminals 24 | . 8 . 6 1 . . 9 Fabricators . | . . . . . . . . Repair Stations 1 | . . . 1 . . . . Recycling Units . | . . . . . . . . Scanalyzers 1 | . . . 1 . . . . Garrison Access . | . . . . . . . . Total Hacks 91 | . 25 . 28 4 8 . 26 Successful 55 | . 10 . 19 . 8 . 18 Failed 36 | . 15 . 9 4 . . 8 Catastrophic 6 | . 3 . . 2 . . 1 Database Lockouts . | . . . . . . . . Manual 58 | . 19 . 17 4 1 . 17 Terminals 76 | . 25 . 21 4 . . 26 Fabricators . | . . . . . . . . Repair Stations 2 | . . . 2 . . . . Recycling Units . | . . . . . . . . Scanalyzers 5 | . . . 5 . . . . Garrison Access . | . . . . . . . . Terminal Hacks 39 | . 7 . 10 . 8 . 14 Record 7 | . . . . . 7 . . Robot Analysis 8 | . 3 . 3 . . . 2 Prototype ID Bank 1 | . . . . . . . 1 Branch Access Points 2 | . 1 . 1 . . . . Emergency Access Points 1 | . . . . . . . 1 Terminal Index 3 | . 1 . 1 . . . 1 Alert Level 6 | . . . 1 . . . 5 Unreport Threat 2 | . . . . . . . 2 Locate Traps 3 | . 1 . 1 . . . 1 Hauler Manifests 2 | . 1 . 1 . . . . Registered Components 2 | . . . 1 . . . 1 Registered Prototypes 1 | . . . 1 . . . . EX-Prototype ID Bank 1 | . . . . . 1 . . Fabricator Hacks . | . . . . . . . . Repair Station Hacks 2 | . . . 2 . . . . Scan Component 1 | . . . 1 . . . . Repair 1 | . . . 1 . . . . Recycling Unit Hacks . | . . . . . . . . Scanalyzer 4 | . . . 4 . . . . Insert Component 2 | . . . 2 . . . . Analyze 2 | . . . 2 . . . . Garrison Access Hacks . | . . . . . . . . Unauthorized Hacks 10 | . 3 . 3 . . . 4 Terminals 10 | . 3 . 3 . . . 4 Botnet 9 | . 3 . 3 . . . 3 Operators 1 | . . . . . . . 1 Fabricators . | . . . . . . . . Repair Stations . | . . . . . . . . Recycling Units . | . . . . . . . . Scanalyzers . | . . . . . . . . Garrison Access . | . . . . . . . . Data Cores Recovered 1 | . . . 1 . . . . Used . | . . . . . . . . Hacking Detections 24 | . 8 . 6 1 . . 9 Full Trace Events 6 | . 1 . 1 1 . . 3 Feedback Events 1 | . . . . . . . 1 Corruption 1 | . . . . . . . 1 Feedback Blocked . | . . . . . . . . Robot Schematics Acquired . | . . . . . . . . Robots Built . | . . . . . . . . Authchips . | . . . . . . . . Time . | . . . . . . . . Total Robot Build Rating . | . . . . . . . . Part Schematics Acquired 2 | . . . 2 . . . . Parts Built . | . . . . . . . . Authchips . | . . . . . . . . Time . | . . . . . . . . Total Part Build Rating . | . . . . . . . . Parts Repaired 1 | . . . 1 . . . . Time 32 | . . . 32 . . . . Parts Recycled . | . . . . . . . . Recycled Matter . | . . . . . . . . Retrieved Matter . | . . . . . . . . Retrieved Components . | . . . . . . . . Parts Scanalyzed 2 | . . . 2 . . . . Part Schematics Acquired 2 | . . . 2 . . . . Parts Damaged . | . . . . . . . . Bothacking | -11 -10 -10 -9 -9 -9 -8 -8 ------------ Run | Jun Mat Min Mat Min Exi Min Mat Used RIF Installer . | . . . . . . . . Robots Hacked . | . . . . . . . . Non-combat . | . . . . . . . . Combat . | . . . . . . . . Robot Hacks Applied . | . . . . . . . . Relay Couplers Released . | . . . . . . . . Fabnet Peak Effective % . | . . . . . . . . Robots Rewired . | . . . . . . . . Allies Hacked . | . . . . . . . . Hacks Repelled . | . . . . . . . . Allies | -11 -10 -10 -9 -9 -9 -8 -8 -------- Run | Jun Mat Min Mat Min Exi Min Mat Total Allies 4 | . . 3 . 1 . . . Largest Group 3 | . . 3 3 1 1 . . Highest-Rated Group 40 | . . 40 40 31 31 . . Highest-Rated Ally 31 | . . 16 16 31 31 . . Total Orders . | . . . . . . . . Ally Attacks 25 | . . . 25 . . . . Total Damage 272 | . . . 272 . . . . Kills 5 | . . . 5 . . . . Allies Corrupted . | . . . . . . . . Allies Melted . | . . . . . . . . Intel | -11 -10 -10 -9 -9 -9 -8 -8 ------- Run | Jun Mat Min Mat Min Exi Min Mat Robot Analysis Total 8 | . 3 . 3 . . . 2 Derelict Logs Recovered 2 | . . 2 . . . . . Drone Launches . | . . . . . . . . Drone Recoveries . | . . . . . . . . Exploration | -11 -10 -10 -9 -9 -9 -8 -8 ------------- Run | Jun Mat Min Mat Min Exi Min Mat Turns Passed 7954 | 82 922 882 1528 750 1419 849 1522 Spaces Moved 4133 | 45 602 614 780 387 709 365 631 Core 1 | 1 . . . . . . . Treads 25 | 25 . . . . . . . Legs . | . . . . . . . . Wheels 4107 | 19 602 614 780 387 709 365 631 Hover . | . . . . . . . . Flight . | . . . . . . . . Fastest Speed 50 | 50 95 140 155 155 170 210 210 Average Speed 171 | 125 122 140 157 164 199 213 217 Slowest Speed 230 | 160 140 140 170 170 230 230 225 Overloaded Moves . | . . . . . . . . Propulsion Burnouts . | . . . . . . . . Robots Hopped . | . . . . . . . . Cave-ins Triggered . | . . . . . . . . Exploration Rate (%) 71 | 5 93 98 74 75 92 75 60 Regions Visited 7 Branch Regions 4 Pre-discovered Areas . | . . . . . . . . Known Exits Taken 2 | . 1 . 1 . . . . Unknown Exits Taken 5 | 1 . 1 . 1 1 1 . Scrap Searched 4 | . . 1 . 2 . 1 . Spaces Dug . | . . . . . . . . Terrain Destroyed 74 | . . . . 45 . . 29 Melee . | . . . . . . . . Projectile 32 | . . . . 3 . . 29 AOE 42 | . . . . 42 . . . Terrain Rammed . | . . . . . . . . Walls Destroyed . | . . . . . . . . Machines Disabled . | . . . . . . . . Actions | -11 -10 -10 -9 -9 -9 -8 -8 --------- Run | Jun Mat Min Mat Min Exi Min Mat Total 4726 | 60 731 628 968 447 718 394 780 Wait 217 | . 79 7 43 4 . . 84 Move 4126 | 44 601 613 779 386 708 364 631 Hop . | . . . . . . . . Pick Up 58 | 5 13 4 22 3 5 3 3 Fast Attach 27 | 6 2 . 10 5 . . 4 Attach 12 | 1 . . 6 2 . 2 1 Detach 15 | . 2 . 6 3 . 1 3 Swap 13 | . 2 . 4 5 1 1 . Drop 51 | . 3 . 31 7 4 2 4 Fire 206 | 4 29 4 66 32 . 21 50 Melee . | . . . . . . . . Ram 1 | . . . 1 . . . . Kick . | . . . . . . . . Crush . | . . . . . . . . Escape Stasis . | . . . . . . . . Rewire . | . . . . . . . . Trap . | . . . . . . . . Miscellaneous . | . . . . . . . . Route ------- -11/Junkyard -10/Materials (discovered 4 exits: *Mat x3 / *Min) -10/Mines (discovered 2 exits: *Mat x2) -9/Materials (discovered 3 exits: *Mat / *Min / *Sto) -9/Mines -9/Exiles -8/Mines -8/Materials (discovered 1 exit: [*Fac]) History --------- Turn | Location | Event 2 | -11/Junkyard | Met Revision 17 22 | -11/Junkyard | Discovered new exit (range 15) 83 | -11/Junkyard | Entered Materials 222 | -10/Materials | Discovered new exit (range 15) 315 | -10/Materials | Build established: Mutant 350 | -10/Materials | Discovered new exit (range 14) 386 | -10/Materials | Identified exit to Mines 514 | -10/Materials | Discovered new exit (range 13) 857 | -10/Materials | Discovered new exit (range 14) 1005 | -10/Materials | Entered Mines 1036 | -10/Mines | Met a Derelict bent on vengeance 1049 | -10/Mines | Learned Materials emergency access door positions 1052 | -10/Mines | Learned Materials security intel 1052 | -10/Mines | Discovered new exit (range 10) 1467 | -10/Mines | Received a Rocket Launcher from a helpful Derelict 1558 | -10/Mines | Discovered new exit (range 9) 1751 | -10/Mines | Assisted by bots powering up and referring to "LRC-V3" 1887 | -10/Mines | Entered Materials 1887 | -9/Materials | Accompanied by 3 allies 1887 | -9/Materials | Evolved 2 slots: Utility x2 2449 | -9/Materials | Discovered new exit (range 7) 2841 | -9/Materials | Identified exit to Mines 2841 | -9/Materials | Identified exit to Storage 2992 | -9/Materials | Discovered new exit (range 15) 3044 | -9/Materials | Repaired Hvy. Assault Rifle 3415 | -9/Materials | Entered Mines 3416 | -9/Mines | Assembled infested the area 3421 | -9/Mines | Assisted by a Guerilla fighting off Assembled 3475 | -9/Mines | Destroyed 17 combat bots 3690 | -9/Mines | Joined a pair of Derelicts in attacking an 0b10 outpost 4100 | -9/Mines | Received a Mining Laser from a helpful Derelict 4155 | -9/Mines | Deemed a non-threat by the Exiles lab entrance 4156 | -9/Mines | Discovered new exit (range 5) 4165 | -9/Mines | Entered Exiles 4165 | -9/Exiles | Accompanied by 1 ally 4206 | -9/Exiles | Met 8R-AWN 4235 | -9/Exiles | Met EX-HEX 4290 | -9/Exiles | Met EX-BIN 4734 | -9/Exiles | Aligned with FarCom system 4735 | -9/Exiles | Given EX-Vault access code 4775 | -9/Exiles | Opened EX-Vault 4789 | -9/Exiles | Found XL Autogun Array 4836 | -9/Exiles | Warned to stay clear of 0b10 Research branches 4951 | -9/Exiles | Met EX-DEC 5138 | -9/Exiles | Visited The Gauntlet 5554 | -9/Exiles | Discovered new exit (range 14) 5584 | -9/Exiles | Left Exiles lab with XL Autogun Array 5584 | -9/Exiles | Entered Mines 6418 | -8/Mines | Discovered new exit (range 7) 6433 | -8/Mines | Entered Materials 6433 | -8/Materials | Evolved 2 slots: Weapon x2 6741 | -8/Materials | Build established: Skirmisher 7117 | -8/Materials | Destroyed 8 combat bots 7584 | -8/Materials | Discovered new exit (range 3) 7955 | -8/Materials | Self-destructed Last Messages --------------- 07762_ The floor emits a surge of raw power. 07771_ O-16 Technician: "IFF HANDSHAKE FAILED. SECURING TERMINAL." 07779_ ALERT: Hostiles spotted, dispatching reinforcements to Terminal M004. 07789_ Connecting with Terminal... >>Alert(Check) Current Alert Level: Low Security 07789_ Connecting with Terminal... 07846_ G-47 Trooper destroyed. 07856_ Dropped Heat Sink. 07857_ Acquired Hardlight Generator. 07867_ R-06 Scavenger collects Particle Gun. 07877_ R-06 Scavenger destroyed. 07878_ Acquired 52 matter. 07880_ Acquired 33 matter. 07929_ R-06 Scavenger collects Com. Wheel. 07934_ Purification Channel disabled. 07934_ Y-45 Defender destroyed. 07946_ Acquired 15 matter. Map ----- +----------------------------------------------------+ | | | ???????#########?????????????????????????????????? | | ???????# T #?????????????????????????????????? | | ???????# #?????????????????????????????????? | | ???????#]]! !#????###########??????????????????? | | ???????#]]! #????# #??????????????????? | | ???????#]]! ###### #??????????????????? | | ???????######+## ! # ! #??????????????????? | | ??????????# # #??????????????????? | | ??????????# T + #??????????????????? | | ??????????###+## # #??????????????????? | | ?????????? ??## ##% #??????????????????? | | ?????????? """??# ## #??????????????????? | | ?????????? """ ## =####+########?????????????????? | | ?????????o """ "" =% = + ! ! #?????????????????? | | ????????# #"^ %^ ! # #?????????? ????? | | ???????????????## ### # " #?????????# ????? | | ??????########### #?# # """ #?????????# ^ ????# | | ??????# ## #?# # """ #?????????# ????# | | ??????# ## #?# # """ #?????????# #???# | | ??????# ## ### + "" #?????????# #???# | | ??????# # ## ## """ #?????????# #???# | | ??????# + % ## ## "" #?????????# #???# | | ??????# # ## ## "" #?????????+ ##### | | ??????# # ## ## " #?? ?"????# ! | | ??????# / ## ###+##@ !# ? ""???# | | ??????# ## # # ![! #? ?#! =! / | | ??????##+######## + !####%###??? =#!!=[ | | ??????# # #??#"#??????????##%!! | | ??????# # ! #??###???????????#!! | | ??????# #####/## # #?????????########= | | ???????????? # #= #?????????# | | ???????????#? # # #?????????# | | ???????????? ""# # #?????????# | | ???????????? Y"# # #?????????# ########### | | ???????????#! ""# ######?????????# #?????????# | | ???????????# # %########???????# #?????????# | | ??????????####### ## #???????# +?????????# | | ???######## #???????# =%#?????????# | | ???# # % #???????# #?????????# | | ???# # #???????# #?????????# | | ???# + ####### #???????# #?????????# | | ???# # #?????## ##???????# #?????????# | | ???# "T" # #??????# #????????# #?????????# | | ???# # #??????# #????????# =########### | | ???######## #??????/ ?????# #!! !* | | ??????????# #??????# # ??????#*=[*^^ ! | | ??????????# #??????# # ?????#]]*= ^* = [% | | ??????????# #??????# #? ????#==]############ | | ??????????# #???#+## ##########% *#??????????# | +----------------------------------------------------+ Best States ------------- Heat Dissipation 50 Energy Generation 14 Energy Capacity 280 Matter Stores 300 Matter Capacity 300 Sight Range 16 Terrain Scan Density 10 Armor Coverage 150 Resistance: KI 20 Resistance: TH 20 Resistance: EX 20 Resistance: EM 20 Resistance: I 20 Resistance: S 20 Resistance: P 20 Evasion (%) 44 Targeting Accuracy 8 Recoil Reduction 1 Offensive Hacking 10 Item Schematics ----------------- Hcp. Storage Unit | -9/Materials | Scanalyzed Wheel | -9/Materials | Scanalyzed Robot Schematics ------------------ None Fabricated ------------ Nothing Alien Tech Used ----------------- None Achievements -------------- None Challenges ------------ None Game ------ Seed BurstSigixRouter Manual? 0 Play Time 01:02:38 Cumulative 113.8 hours Start 2023.09.07 @ 10:25:10 End 2023.10.18 @ 20:50:41 Sessions 5 Manual Loads 0 Difficulty Adventurer Special Mode None Game No. 98 Rogue 0 Adventurer 98 Explorer 0 Win Type - Total 1 Types 1/0/0/0/0/0/0/0/0 Lore% 51 Gallery% 53 Achievement% 46 Wizard Run 0 Options --------- ASCII 0 Keyboard 0 Movement Mouse Keybinds 0 Fullscreen 2 Font 20/SmallcapsGlow Map View 66x50 Tactical HUD 1 Map Filters NONE Filters NONE Steam X RUN: 37de160c-e822-4e79-92df-acd4178ca40a